 Dungeon Crawl Stone Soup version 0.22-a0-558-gc224181 (webtiles) character file.

325 inc the Cudgeler (level 6, -1/62 HPs)
             Began as an Ogre Hunter on June 26, 2018.
             Killed from afar by an orc wizard (3 damage)
             ... with a magic dart
             ... on level 7 of the Dungeon.
             The game lasted 00:07:30 (3619 turns).

inc the Cudgeler (Ogre Hunter)                      Turns: 3619, Time: 00:07:31

Health: -1/62      AC:  4    Str: 17 (19) XL:     6   Next: 48%
Magic:  6/6        EV: 10    Int: 15 (17) God:
Gold:   112        SH:  0    Dex:  8 (9)  Spells: 5/5 levels left

rFire    . . .     SeeInvis .   u - +1 mace (protect)
rCold    . . .     Gourm    .   (no shield)
rNeg     . . .     Faith    .   b - +0 robe
rPois    .         Spirit   .   (helmet restricted)
rElec    .         Reflect  .   q - +0 cloak
rCorr    .         Harm     .   (gloves unavailable)
MR       .....                  (boots unavailable)
Stlth    +.........             (no amulet)
HPRegen  0.20/turn              (no ring)
MPRegen  0.10/turn              (no ring)

@: confused, brilliant, very slightly contaminated, slowed, very slow
A: large, unfitting armour, tough skin 1
a: no special abilities


You were on level 7 of the Dungeon.
You were hungry.

You visited 1 branch of the dungeon, and saw 5 of its levels.

You collected 112 gold pieces.

Inventory:

Hand Weapons
 a - a +0 short sword
 e - a +0 whip
 n - a +0 flail
 u - a +1 mace of protection (weapon)
Armour
 b - a +0 robe (worn)
 q - a +0 cloak (worn)
Scrolls
 l - a scroll of remove curse
 p - a scroll of identify
Potions
 o - a potion of flight
Comestibles
 f - 6 rations


   Skills:
 - Level 3.7 Fighting
 + Level 5.4 Maces & Flails
 - Level 4.0 Throwing
 - Level 1.7 Dodging
 - Level 0.6 Stealth


You had 5 spell levels left.
You didn't know any spells.
Your spell library was empty.

Dungeon Overview and Level Annotations

Branches:
Dungeon (4/15)
 Temple: D:4-7

Altars:
Hepliaklqana
Trog


Innate Abilities, Weirdness & Mutations

You are too large for most types of armour.
You have tough skin. (AC +1)


Message History

Aim: an orc wizard, wielding a dagger and wearing a robe (almost dead)
You throw a large rock.
You feel less confused.
A puff of flame appears from out of thin air!
The puff of flame misses you.
The orc wizard casts a spell.
The orc wizard blinks!
You hear some strange, mumbled words.
A puff of flame appears from out of thin air!
The puff of flame hits you!
* * * LOW HITPOINT WARNING * * *
You hear some strange, mumbled words.
You are confused.
You see here a large rock.
Okay, then.
You're too confused!
Unknown command.
The orc wizard gestures at you while chanting.
The magic dart hits you!
You die...

##.## #.# ##.## #.#
#..# ##.# #).# ##.##
#.(## #..#
#...####..#
##.......##
#[(..o..#
.#####@..(...#
.........(.##.#
.........####.####
........##.......##
.......##.........##
#......#...........#
.......#....###....#
.......#...##y##...#
###.. #....###.†..#


You could see an orc wizard.

Vanquished Creatures
  A sky beast (D:7)
  A hound (D:2)
  An orc wizard (D:7)
  A worker ant (D:7)
  Terence (D:2)
  7 adders
  3 worms
  3 leopard geckos
  4 orcs
  A ball python (D:3)
  4 bats
  A giant cockroach (D:1)
  5 hobgoblins
  7 jackals
  3 frilled lizards
  6 goblins
  5 kobolds
  10 rats
64 creatures vanquished.

Notes
Turn   | Place    | Note
-------+----------+-------------------------------------------
     0 | D:1      | inc the Ogre Hunter began the quest for the Orb.
     0 | D:1      | Reached XP level 1. HP: 22/22 MP: 1/1
   308 | D:1      | Reached XP level 2. HP: 21/31 MP: 2/2
   315 | D:1      | Reached skill level 1 in Maces & Flails
   902 | D:2      | Reached XP level 3. HP: 36/39 MP: 3/3
   989 | D:2      | Reached skill level 2 in Maces & Flails
  1229 | D:3      | Reached XP level 4. HP: 24/48 MP: 4/4
  1608 | D:3      | Reached skill level 3 in Maces & Flails
  2011 | D:2      | Noticed Terence
  2035 | D:2      | Killed Terence
  2035 | D:2      | Reached XP level 5. HP: 42/54 MP: 5/5
  2295 | D:2      | Reached skill level 4 in Maces & Flails
  2307 | D:2      | HP: 2/54 [poisoned by an adder]
  2315 | D:2      | HP: 2/54 [poisoned by an adder]
  2824 | D:2      | Found a hazy altar of Hepliaklqana.
  3281 | D:4      | You fall through a shaft for 3 floors!
  3281 | D:7      | Found a bloodstained altar of Trog.
  3281 | D:7      | Noticed a moth of wrath
  3366 | D:7      | Noticed a sky beast
  3380 | D:7      | Killed a sky beast
  3380 | D:7      | Reached skill level 5 in Maces & Flails
  3380 | D:7      | Reached XP level 6. HP: 33/62 MP: 6/6
  3496 | D:7      | Noticed a sky beast
  3617 | D:7      | HP: 2/62 [something/puff of flame (9)]
  3619 | D:7      | Killed from afar by an orc wizard

Vault maps used:
D:1:      eino_arrival_tree_alley
D:2:      overflow_temple_1_default, corexii_shack, minmay_box_of_dots,
          uniq_terence
D:3:      first_ration
D:4:      eat_drink_and_be_merry_uskayaw, lemuel_coloured_pillars_altar,
          serial_park_tiny_pond, uniq_duvessa
D:7:      tgw_trog, serial_shops, nicolae_shop_trees, uniq_pikel

Skill      XL: |  1  2  3  4  5 |
---------------+----------------+-----
Fighting       | 3 |  3.7
Maces & Flails | 1 2 3 5 |  5.4
Throwing       | |  4.0
Dodging        | |  1.7
Stealth        | |  0.6

Action                   |  1- 3 |  4- 6 || total
-------------------------+-------+-------++-------
Melee: Whip              |   101 |    59 ||   160
       Short sword       |     4 |       ||     4
       Mace              |       |    89 ||    89
Throw: Large rock        |    15 |    26 ||    41
       Throwing net      |     2 |     2 ||     4
  Use: Potion            |       |     7 ||     7
       Scroll            |       |     5 ||     5
 Stab: Held in net/web   |       |     1 ||     1
       Sleeping          |       |     1 ||     1
  Eat: Chunk             |       |     8 ||     8
Armor: Robe              |    29 |    87 ||   116
Dodge: Dodged            |    75 |   110 ||   185

Table legend:
 A = Spawn XP
 B = Non-spawn XP
 C = Spawn XP percentage of total XP
 D = Spawn monster count
 E = Non-spawn monster count
 F = Spawn count percentage of total count
 G = Total turns spent on level
                    A         B        C        D         E        F      G
               +---------+---------+-------+---------+---------+-------+---------
         Total |       0 |     465 |   0.0 |       0 |      64 |   0.0 |  3619
               +---------+---------+-------+---------+---------+-------+---------
           D:1 |       0 |      30 |   0.0 |       0 |      18 |   0.0 |   878
           D:2 |       0 |     157 |   0.0 |       0 |      23 |   0.0 |  1315
           D:3 |       0 |      59 |   0.0 |       0 |      12 |   0.0 |  1053
           D:4 |       0 |       3 |   0.0 |       0 |       1 |   0.0 |    35
           D:7 |       0 |     216 |   0.0 |       0 |      10 |   0.0 |   338
               +---------+---------+-------+---------+---------+-------+---------
